 Dungeon Crawl Stone Soup version 0.30.1 (webtiles) character file.

Game seed: 17892559484699380500

116 Pepete the Conjurer (level 4, -3/33 (34) HPs)
             Began as a Demigod Conjurer on July 2, 2023.
             Succumbed to Crazy Yiuf's poison
             ... on level 3 of the Dungeon.
             The game lasted 00:03:29 (4671 turns).

Pepete the Conjurer (Demigod Conjurer)              Turns: 4671, Time: 00:03:29

HP:   -3/33 (34)    AC:  4    Str:  5 (8)  XL:     4   Next: 42%
MP:   3/10          EV: 17    Int: 21 (22) God:
Gold: 67            SH:  0    Dex:  9 (10) Spells: 7/8 levels left

rFire   . . .        f - staff of cold
rCold   + . .        (no shield)
rNeg    . . .        a - +0 robe
rPois   .            (no helmet)
rElec   .            (no cloak)
rCorr   .            (no gloves)
SInv    .            m - +0 pair of boots
Will    .....        (no amulet)
Stlth   ++           (no ring)
HPRegen 0.25/turn    (no ring)
MPRegen 0.12/turn

%: no passive effects
@: agile, lethally poisoned (-3 -> -28), lightly drained
A: high MP 1, forlorn, divine attributes, clumsy 1, dopey 1, shaggy fur 1
a: no special abilities


You were on level 3 of the Dungeon.
You visited 1 branch of the dungeon, and saw 3 of its levels.

You collected 67 gold pieces.

Inventory:

Armour
 a - a +0 robe (worn)
 m - a +0 pair of boots (worn)
Magical Staves
 f - a staff of cold (weapon)
Scrolls
 c - a scroll of fog
 e - 2 scrolls of teleportation {unknown}
 g - a scroll of poison
 j - a scroll of brand weapon {unknown}
 k - a scroll of enchant weapon {unknown}
Potions
 b - a potion of magic
 d - a potion of curing


   Skills:
 + Level 0.8 Fighting
 + Level 0.5 Staves
 + Level 1.1 Armour
 - Level 1.7 Dodging
 - Level 1.7 Stealth
 * Level 2.6 Spellcasting
 * Level 4.3 Conjurations
 * Level 1.2 Ice Magic


You had 7 spell levels left.
You knew the following spells:

 Your Spells              Type           Power      Damage    Failure   Level
a - Magic Dart            Conj           80%        1d7       2%          1

Your spell library contained the following spells:

 Spells                   Type           Power      Damage    Failure   Level
 Searing Ray              Conj           40%        2d5       3%          2
 Dazzling Flash           Conj/Hex       22%        N/A       17%         3
 Fulminant Prism          Conj/Hex       5%         3d7       50%         4
 Iskenderun's Mystic Bla  Conj/Tloc      11%        2d4       50%         4


Dungeon Overview and Level Annotations

Branches:
Dungeon (3/15)

Annotations:
D:3 Crazy Yiuf


Innate Abilities, Weirdness & Mutations

You have an increased reservoir of magic. (+10% MP)
You shall have no god before yourself.
Your divine heritage dramatically boosts your attributes as you level up.
You are clumsy. (Dex -2)
You are dopey. (Int -2)
You are covered in fur. (AC +1)


Message History

You are too injured to fight recklessly!
You are too injured to fight recklessly!
You are too injured to fight recklessly!
Unknown command.
You feel better. Crazy Yiuf hits you but does no damage.
You feel agile all of a sudden.
Casting: Magic Dart (safe; 2% risk of failure)
Confirm with . or Enter, or press ? or * to list all spells.
Aiming: Magic Dart (safe; 2% risk of failure)
Press: ? - help, Shift-Dir - straight line, f/p - Crazy Yiuf
Aim: Crazy Yiuf, wielding a +4 quarterstaff of chaos and wearing a +0 cloak (severely wounded, 100% to hit)
The magic dart hits Crazy Yiuf but does no damage.
Crazy Yiuf is severely wounded.
Crazy Yiuf completely misses you.
Casting: Magic Dart (safe; 2% risk of failure)
Confirm with . or Enter, or press ? or * to list all spells.
Aiming: Magic Dart (safe; 2% risk of failure)
Press: ? - help, Shift-Dir - straight line, f/p - Crazy Yiuf
Aim: Crazy Yiuf, wielding a +4 quarterstaff of chaos and wearing a +0 cloak (severely wounded, 100% to hit)
The magic dart hits Crazy Yiuf but does no damage.
Crazy Yiuf is severely wounded.
Crazy Yiuf misses you.
Casting: Magic Dart (safe; 2% risk of failure)
Confirm with . or Enter, or press ? or * to list all spells.
Aiming: Magic Dart (safe; 2% risk of failure)
Press: ? - help, Shift-Dir - straight line, f/p - Crazy Yiuf
Aim: Crazy Yiuf, wielding a +4 quarterstaff of chaos and wearing a +0 cloak (severely wounded, 100% to hit)
The magic dart hits Crazy Yiuf.
Crazy Yiuf is almost dead.
Crazy Yiuf hits you with a +4 quarterstaff of chaos!
* * * LOW HITPOINT WARNING * * *
You are lethally poisoned!
Casting: Magic Dart (safe; 2% risk of failure)
Confirm with . or Enter, or press ? or * to list all spells.
Aiming: Magic Dart (safe; 2% risk of failure)
Press: ? - help, Shift-Dir - straight line, f/p - Crazy Yiuf
Aim: Crazy Yiuf, wielding a +4 quarterstaff of chaos and wearing a +0 cloak (almost dead, 100% to hit)
The magic dart hits Crazy Yiuf but does no damage.
Crazy Yiuf is almost dead.
You die...

##..##
#...##.#.#
#....#
#(..##.#.#
♣....♣
#.........
♣♣..)♣
#.)##....#
♣♣)♣♣
#........#
♣♣)♣
##........
♣)♣♣
####.#...
♣♣)♣
#.#...
♣@♣♣
#..... #g#
####.. )))
#.. #)))#
### #).)#
#####


You could see Crazy Yiuf.

Vanquished Creatures
  4 gnolls (D:2)
  An adder (D:2)
  A worm (D:2)
  3 dart slugs
  11 ball pythons
  6 endoplasms
  3 hobgoblins
  3 jackals (D:1)
  2 quokkas (D:2)
  7 bats
  3 frilled lizards (D:1)
  3 goblins
  5 kobolds
  7 rats
59 creatures vanquished.

Notes
Turn   | Place    | Note
-------+----------+-------------------------------------------
     0 | D:1      | Pepete the Demigod Conjurer began the quest for the Orb.
     0 | D:1      | Reached XP level 1. HP: 14/14 MP: 5/5
   413 | D:1      | Reached XP level 2. HP: 20/20 MP: 4/7
  1411 | D:1      | Reached skill level 4 in Conjurations
  2022 | D:2      | Reached XP level 3. HP: 25/26 MP: 5/9
  2155 | D:2      | Reached skill level 1 in Armour
  2520 | D:2      | Reached XP level 4. HP: 34/34 MP: 0/10
  2907 | D:2      | Reached skill level 1 in Ice Magic
  4630 | D:3      | Found a runed translucent door.
  4631 | D:3      | Noticed Crazy Yiuf
  4634 | D:3      | Gained mutation: You are dopey. (Int -2) [potion of
                  | mutation]
  4634 | D:3      | Gained mutation: You are clumsy. (Dex -2) [potion of
                  | mutation]
  4634 | D:3      | Gained mutation: You are covered in fur. (AC +1) [potion of
                  | mutation]
  4671 | D:3      | Succumbed to Crazy Yiuf's poison

Illustrated notes

Levels and vault maps discovered:
D:1:      amcnicky_arrival_single_pillar, layout_loops_ring,
          hellmonk_ecumenical_altar_slurped_away, grunt_decor_one_mirror,
          minmay_cupped
D:2:      layout_basic, minmay_pentomino_x2
D:3:      layout_loops_cross, uniq_crazy_yiuf_cottage

Skill      XL: |  1  2  3  4 |
---------------+-------------+-----
Spellcasting   | 2 |  2.6
Conjurations   | 4 |  4.3
Armour         | 1 |  1.1
Ice Magic      | 1 |  1.2
Fighting       | |  0.8
Staves         | |  0.5
Dodging        | |  1.7
Stealth        | |  1.7

Action                     |  1- 3 |  4- 6 || total
---------------------------+-------+-------++-------
   Cast: Magic Dart        |    94 |    50 ||   144
    Use: Scroll            |     3 |       ||     3
         Potion            |     2 |     4 ||     6
 Armour: Robe              |     3 |     1 ||     4
  Dodge: Dodged            |    14 |     4 ||    18
